 Dungeon Crawl Stone Soup version 0.20-a0-1058-g0491fde (webtiles) character file.

88274 Gorglomux the Severer (level 15, -4/139 HPs)
             Began as a Hill Orc Monk on Apr 26, 2017.
             Was a High Priest of Elyvilon.
             Slain by an orc warrior
             ... wielding a +0 glaive
              (11 damage)
             ... while paralysed by an orc sorcerer
             ... on level 2 of the Orcish Mines.
             The game lasted 00:53:26 (28905 turns).

Gorglomux the Severer (Hill Orc Monk)              Turns: 28905, Time: 00:53:27

Health: -4/139     AC: 29    Str: 24    XL:     15   Next: 93%
Magic:  26/26      EV:  2    Int: 10    God:    Elyvilon [*****.]
Gold:   1604       SH:  0    Dex: 20    Spells: 14/14 levels left

rFire    . . .     SeeInvis .   e - +5 battleaxe (freeze)
rCold    . . .     Gourm    +   (shield currently unavailable)
rNeg     . . .     Faith    .   Q - +0 plate armour
rPois    .         Spirit   .   n - +2 helmet
rElec    .         Reflect  .   o - +2 cloak
rCorr    .         Harm     .   b - +2 pair of gloves
MR       +....                  K - +1 pair of boots
Stlth    ..........             f - amulet of the gourmand {Gourm, !d}
Regen    0.4/turn               C - +4 ring of dexterity
MPRegen  0.2/turn               h - +6 ring of strength

@: paralysed, drained
A: no striking features
a: Lesser Healing, Heal Other, Purification, Greater Healing, Divine Vigour,
Divine Protection, Renounce Religion


You were on level 2 of the Orcish Mines.
You worshipped Elyvilon.
Elyvilon was extremely pleased with you.
You were not hungry.

You visited 4 branches of the dungeon, and saw 24 of its levels.
You also visited: Ice Cave and Volcano.

You collected 2089 gold pieces.
You spent 356 gold pieces at shops.
You donated 129 gold pieces to Zin.

Inventory:

Hand Weapons
 e - a +5 battleaxe of freezing (weapon)
   (You took it off an orc warrior on level 10 of the Dungeon)
 y - a +1 battleaxe of freezing
   (You acquired it on level 4 of the Lair of Beasts)
Missiles
 g - 2 throwing nets {=f, !d}
Armour
 b - a +2 pair of gloves (worn)
   (You found it on level 5 of the Lair of Beasts)
 n - a +2 helmet (worn)
   (You took it off Robin on level 3 of the Dungeon)
 o - a +2 cloak (worn)
   (You took it off Maurice on level 10 of the Dungeon)
 K - a +1 pair of boots (worn)
   (You found it on level 11 of the Dungeon)
 Q - a +0 plate armour (worn)
   (You found it on level 9 of the Dungeon)
Jewellery
 f - an amulet of the gourmand (around neck) {Gourm, !d}
   (You found it on level 11 of the Dungeon)
 h - a +6 ring of strength (right hand)
   (You found it on level 14 of the Dungeon)
 q - an uncursed amulet of guardian spirit {unknown}
   (You took it off a centaur on level 15 of the Dungeon)
 u - a +3 amulet of reflection
   (You took it off a crimson imp on level 14 of the Dungeon)
 C - a +4 ring of dexterity (left hand)
   (You found it on level 5 of the Dungeon)
 I - an uncursed amulet of regeneration {+regen, !d}
   (You found it on level 4 of the Lair of Beasts)
Wands
 j - a wand of scattershot (7/9)
   (You took it off Ijyb on level 4 of the Dungeon)
 S - a wand of digging (10/24)
   (You found it on level 6 of the Lair of Beasts)
 X - a wand of paralysis (14/24)
   (You found it on level 2 of the Lair of Beasts)
 Y - a wand of scattershot (3/9)
   (You found it on level 2 of the Lair of Beasts)
Scrolls
 d - 16 scrolls of remove curse
 i - 2 scrolls of magic mapping {!r}
 k - 3 scrolls of blinking {!r}
 x - 3 scrolls of fog
 G - 5 scrolls of teleportation
 J - 3 scrolls of immolation {!r}
 L - 5 scrolls of identify
 O - 2 scrolls of silence
 P - a scroll of recharging
Potions
 a - 3 potions of haste
 l - a potion of flight
 p - 6 potions of heal wounds
 s - a potion of agility
 t - a potion of resistance
 v - 4 potions of ambrosia
 A - 3 potions of cancellation
 E - 6 potions of curing
 F - 3 potions of might
 H - a potion of magic
 T - a potion of mutation {!q}
 V - 2 potions of invisibility
Miscellaneous
 N - a lightning rod (4/4)
   (You found it on level 6 of the Lair of Beasts)
 U - a lamp of fire
   (You found it on level 6 of the Lair of Beasts)
 W - a box of beasts
 Z - a phial of floods
   (You found it on level 3 of the Lair of Beasts)
Comestibles
 c - 11 bread rations {@e1@e1}
 m - 19 fruits
 r - 3 meat rations {@e2@e2}
 z - 9 royal jellies


   Skills:
 + Level 14.7 Fighting
 - Level 20.2(20.1) Axes
 + Level 13.6 Armour
 + Level 5.1 Dodging
 - Level 1.5 Stealth
 + Level 15.7(15.6) Invocations


You had 14 spell levels left.
You didn't know any spells.

Dungeon Overview and Level Annotations

Branches:
Dungeon (15/15)            Temple (1/1) D:4            Lair (6/6) D:8
 Shoals (0/4) Lair:3        Snake (0/4) Lair:4        Slime (0/5) Lair:5
    Orc (2/2) D:10            Elf (0/3) Orc:2        Vaults (0/5) D:13
 Depths (0/5) D:15

Altars:
Ashenzari
Cheibriados
Dithmenos
Elyvilon
Fedhas
Gozag
Hepliaklqana
Kikubaaqudgha
Makhleb
Nemelex Xobeh
Okawaru
Qazlal
Ru
Sif Muna
Trog
Uskayaw
Vehumet
Wu Jian
Xom
Yredelemnul
Zin
The Shining One
Beogh

Shops:
D:6 (   D:9 (?%?

Annotations:
Orc:2 Blork the orc


Message History

You kill the orc wizard!
An orc wizard comes into view. It is wielding a dagger.
You closely miss the orc priest.
The orc wizard shouts!
The orc priest closely misses you.
Unknown command.
You slash the orc priest! You freeze the orc priest.
You kill the orc priest!
The orc priest hits you but does no damage.
An orc knight comes into view. It is wielding an enchanted long sword.
Items here: )) [[ † a falchion; a leather armour; a dagger; a robe; an orc corpse Unknown command.
You barely miss the orc priest. You closely miss the orc priest.
The orc knight shouts!
The orc knight moves out of view.
The orc priest hits you but does no damage.
The orc priest calls down the wrath of Beogh upon you.
Beogh smites you!
The orc priest shouts, "Join the one true god or die!"
You take 7 damage, and have 94/139 hp.
You closely miss the orc priest. x2
An orc sorcerer comes into view. It is wielding a dagger.
Unknown command.
You closely miss the orc priest.
The orc sorcerer shouts!
You slash the orc priest! You freeze the orc priest.
You kill the orc priest!
The orc priest shouts, "Beogh is our master!
Accept the truth or die!"
The orc priest hits you but does no damage.
The orc sorcerer mumbles some strange words.
You closely miss the orc priest. You slash the orc wizard!
You freeze the orc wizard.
The orc priest mumbles some strange prayers to Beogh against you.
You resist with significant effort.
Unknown command.
You cut the orc warrior into ribbons!!! You freeze the orc warrior!
You kill the orc warrior!
Your plate armour prevents you from hitting the orc priest.
The orc priest shouts, "Beogh is our master!
Accept the truth or die!" x2
You hear a shout!
The orc priest hits you but does no damage.
You barely miss the orc priest. You slash the orc! You freeze the orc.
You kill the orc!
Unknown command.
You slice the orc wizard!! You freeze the orc wizard.
You kill the orc wizard!
You slash the orc priest! You freeze the orc priest.
You kill the orc priest!
The orc knight roars a battlecry!
The orc sorcerer goes into a battle-frenzy!
Unknown command.
Things that are here:
a dagger of flaming; an orc corpse An orc warrior and an orc wizard come into view.
The orc warrior shouts!
The orc wizard shouts!
The orc knight roars a battlecry!
The orc warrior goes into a battle-frenzy!
The orc sorcerer gestures at you while chanting.
You suddenly lose the ability to move!
An orc warrior comes into view. It is wielding a glaive.
The orc warrior shouts!
You hear a shout! x2
The orc knight hits you but does no damage.
The orc sorcerer points at you and mumbles some strange words.
Helpless, you fail to dodge the bolt of fire.
The orc wizard gestures wildly while chanting.
The orc wizard blinks!
The smoke demon gestures at you. The sticky flame hits you!
You are covered in liquid flames!
The orc sorcerer hits you but does no damage.
You are covered in liquid flames!
The smoke demon gestures at you. The ball of steam hits you!
The orc sorcerer hits you but does no damage.
The orc knight hits you but does no damage.
An orc wizard comes into view. It is wielding a dagger.
You are engulfed in a cloud of scalding steam.
You are covered in liquid flames!
The smoke demon hits you but does no damage. x3
The orc warrior hits you with a battleaxe.
The orc sorcerer hits you but does no damage.
The orc wizard casts a spell.
The orc wizard blinks!
The orc knight hits you with an enchanted long sword.
You are engulfed in a cloud of scalding steam.
You are covered in liquid flames!
The smoke demon hits you but does no damage. x3
The orc sorcerer hits you but does no damage.
The orc warrior hits you with a battleaxe!!
* * * LOW HITPOINT WARNING * * *
You are engulfed in a cloud of scalding steam.
You are covered in liquid flames!
* * * LOW HITPOINT WARNING * * *
The smoke demon gestures at you. Something smites you!
* * * LOW HITPOINT WARNING * * *
The orc knight hits you but does no damage.
The orc warrior hits you from afar with a glaive!
You die...

..........................
..#....)..).......... ....
.........).......... ...
............§...... ..
.........)..§.....
$........).§§§....
.........)).§.....
####..#.)§..#..##
####8@o.8#### #3oo..#
#.o...# #.. #.....# #..
........ #..
.o.......#####..
........o..8....##
.................§##
......†.[##


You could see an orc knight, a smoke demon, an orc sorcerer, 2 orc warriors and
2 orc wizards.

Vanquished Creatures
  An ettin (Orc:2)
  3 vault guards (D:13)
  6 centaur warriors
  8 two-headed ogres
  An ogre mage (D:15)
  Erica (D:8)
  2 tengu warriors
  7 death yaks
  An orc high priest (Orc:1)
  Sonja (D:10)
  3 orc knights
  4 cyclopes
  2 deep elf magi
  An orc sorcerer (D:13)
  10 ugly things
  A manticore (D:13)
  Maurice (D:10)
  An eye of devastation (Lair:5)
  A merfolk siren (Lair:3)
  11 black mambas
  Psyche (D:11)
  3 elephants (Lair:4)
  3 molten gargoyles (Lair:6)
  7 spiny frogs
  3 gargoyles
  A yaktaur (D:13)
  2 rime drakes (Lair:2)
  18 komodo dragons
  A kobold demonologist (D:13)
  A tengu conjurer (D:13)
  A queen bee (D:11)
  A harpy skeleton (D:13)
  3 polar bears
  5 trolls
  A hornet (D:15)
  6 slime creatures (D:14)
  8 hippogriffs
  6 dream sheep (Lair:6)
  6 blink frogs (Lair:4)
  A centaur simulacrum (D:13)
  A shadow (D:13)
  3 wraiths
  8 wyverns
  3 hogs (D:15)
  A fire bat (Volcano)
  28 yaks
  A death yak simulacrum (IceCv)
  3 basilisks
  3 steam dragons (Lair:6)
  8 vampire mosquitoes (D:15)
  A hungry ghost (D:15)
  3 nagas (Lair:4)
  An acid dragon (D:12)
  17 water moccasins
  3 wargs
  6 porcupines
  2 hell hounds (Lair:6)
  Duvessa (D:6)
  29 orc warriors
  2 eyes of draining
  17 ogres
  5 sky beasts
  3 black bears
  3 ice beasts
  2 phantoms
  31 wolves
  16 centaurs
  19 crocodiles
  2 big kobolds
  20 bullfrogs
  Dowan (D:6)
  A wyvern zombie (D:12)
  A wyvern skeleton (D:13)
  2 scorpions
  18 killer bees
  6 wights
  6 howler monkeys
  2 electric eels (Lair:6)
  13 crimson imps
  2 bullfrog zombies (D:12)
  6 centaur zombies
  13 lava snakes
  17 orc priests
  3 hounds
  5 jellies
  Ijyb (D:4)
  4 bullfrog skeletons
  6 centaur skeletons
  2 iguanas
  25 orc wizards
  11 worker ants
  A killer bee zombie (D:8)
  A wolf simulacrum (IceCv)
  2 polar bear simulacra (IceCv)
  2 hound zombies
  A hound skeleton (D:11)
  Robin (D:3)
  9 gnolls
  10 adders
  3 shadow imps
  2 white imps (D:11)
  2 ufetubi (D:11)
  2 adder skeletons
  A worm (D:3)
  A dart slug (D:2)
  4 leopard geckos
  82 orcs
  5 giant cockroaches
  14 goblins
  8 hobgoblins
  18 jackals
  14 kobolds
  2 quokkas
  2 ball pythons (D:3)
  4 bats
  4 frilled lizards (D:2)
  A quokka zombie (D:6)
  10 rats
  3 fungi
  2 plants
742 creatures vanquished.

Vanquished Creatures (others)
  A hydra (Lair:6)
  A fire crab (Lair:6)
  An orc high priest (Orc:2)
  A black mamba (Lair:6)
  2 yaks (Lair:6)
  A wyvern (Lair:6)
  2 humans (D:15)
  A water moccasin (Lair:3)
  An orc wizard (Orc:2)
  A bush (Lair:6)
  3 fungi
  4 plants (Lair:6)
19 creatures vanquished.

Grand Total: 761 creatures vanquished

Notes
Turn   | Place    | Note
-------+----------+-------------------------------------------
     0 | D:1      | Gorglomux the Hill Orc Monk began the quest for the Orb.
     0 | D:1      | Reached XP level 1. HP: 19/19 MP: 1/1
   348 | D:1      | Reached XP level 2. HP: 16/26 MP: 2/2
   740 | D:1      | HP: 4/26 [gnoll/spear (8)]
   741 | D:1      | Reached skill level 5 in Axes
  1120 | D:2      | Reached XP level 3. HP: 31/31 MP: 3/3
  1314 | D:2      | HP: 7/31 [poisoned by an adder]
  1322 | D:2      | HP: 6/31 [poisoned by an adder]
  1606 | D:2      | Reached skill level 6 in Axes
  1872 | D:2      | Found a deep blue altar of Sif Muna.
  1875 | D:2      | Found a glowing silver altar of Zin.
  1877 | D:2      | Found a hazy altar of Hepliaklqana.
  1885 | D:2      | Became a worshipper of Zin the Law-Giver
  1885 | D:2      | Reached * piety under Zin
  1885 | D:2      | Reached ** piety under Zin
  2077 | D:3      | Noticed Robin
  2078 | D:3      | Reached skill level 1 in Invocations
  2078 | D:3      | Reached XP level 4. HP: 39/39 MP: 4/4
  2535 | D:3      | Killed Robin
  2700 | D:3      | Reached skill level 1 in Armour
  2956 | D:3      | Reached *** piety under Zin
  3032 | D:3      | Donated 64 gold pieces to Zin
  3079 | D:3      | Reached XP level 5. HP: 36/46 MP: 6/6
  3702 | D:4      | Reached skill level 2 in Invocations
  3816 | D:4      | Reached skill level 7 in Axes
  3816 | D:4      | Reached skill level 2 in Armour
  3869 | D:4      | Noticed Ijyb
  3890 | D:4      | Killed Ijyb
  3890 | D:4      | Reached skill level 4 in Fighting
  4029 | D:4      | Found an iron altar of Okawaru.
  4108 | D:4      | Reached XP level 6. HP: 48/52 MP: 7/7
  4132 | D:4      | Found a staircase to the Ecumenical Temple.
  4337 | D:4      | Reached skill level 3 in Invocations
  4590 | D:5      | Entered Level 5 of the Dungeon
  4652 | D:5      | Reached skill level 8 in Axes
  4652 | D:5      | Reached XP level 7. HP: 31/60 MP: 9/9
  4800 | D:5      | Reached skill level 4 in Invocations
  4843 | D:5      | Reached skill level 3 in Armour
  4870 | D:5      | Reached **** piety under Zin
  5137 | D:5      | Reached skill level 5 in Fighting
  5267 | D:5      | Reached skill level 9 in Axes
  5267 | D:5      | Reached XP level 8. HP: 61/68 MP: 11/11
  5290 | D:6      | Reached skill level 5 in Invocations
  5347 | D:6      | Reached skill level 4 in Armour
  5548 | D:6      | Found Xogext's Weapon Emporium.
  5644 | D:6      | Noticed Duvessa
  5646 | D:6      | Noticed Dowan
  5657 | D:6      | Killed Duvessa
  5678 | D:6      | Killed Dowan
  5871 | D:6      | Found an ornate altar of the Wu Jian Council.
  6302 | D:6      | HP: 11/70 [orc warrior/glaive (12)]
  6328 | D:6      | HP: 15/70 [jackal (2)]
  6834 | D:7      | Reached ***** piety under Zin
  6981 | D:7      | Found a blossoming altar of Fedhas.
  6985 | D:7      | Reached skill level 6 in Fighting
  6985 | D:7      | Reached skill level 10 in Axes
  6985 | D:7      | Reached skill level 6 in Invocations
  7146 | D:7      | Reached skill level 5 in Armour
  7146 | D:7      | Reached XP level 9. HP: 70/78 MP: 13/13
  7772 | D:8      | Noticed Erica
  7790 | D:8      | Killed Erica
  7790 | D:8      | Reached skill level 7 in Fighting
  7790 | D:8      | Reached skill level 11 in Axes
  7790 | D:8      | Reached skill level 7 in Invocations
  7796 | D:8      | Reached skill level 6 in Armour
  7803 | D:8      | HP: 19/79 [orc warrior/short sword (5)]
  7806 | D:8      | HP: 9/79 [acid (5)]
  8074 | D:8      | Found a staircase to the Lair.
  8120 | D:8      | Reached skill level 12 in Axes
  8371 | D:8      | Reached XP level 10. HP: 64/88 MP: 15/15
  8467 | D:8      | Found a shattered altar of Ashenzari.
  8535 | D:9      | Reached skill level 8 in Invocations
  8539 | D:9      | Found Uloqyunk's Magic Scroll Emporium.
  8543 | D:9      | Bought a scroll of identify for 26 gold pieces
  8543 | D:9      | Bought a scroll of torment for 97 gold pieces
  8543 | D:9      | Bought a scroll of noise for 13 gold pieces
  8543 | D:9      | Bought a scroll of silence for 97 gold pieces
  8543 | D:9      | Bought a scroll of recharging for 123 gold pieces
  8577 | D:9      | Found Qalup's Food Boutique.
  8771 | D:9      | Found Ujus's Magic Scroll Boutique.
  8782 | D:9      | Reached skill level 8 in Fighting
  8815 | D:9      | Found a basalt altar of Yredelemnul.
  8832 | D:9      | Found Ymurch's Weapon Emporium.
  9277 | D:9      | Reached skill level 7 in Armour
  9439 | D:10     | Entered Level 10 of the Dungeon
  9463 | D:10     | Reached ****** piety under Zin
  9651 | D:10     | Reached skill level 13 in Axes
  9719 | D:10     | Noticed Maurice
  9773 | D:10     | Killed Maurice
  9773 | D:10     | Reached skill level 9 in Invocations
  9974 | D:10     | Noticed a two-headed ogre
 10029 | D:10     | HP: 22/90 [orc warrior/battleaxe of freezing (2)]
 10376 | D:10     | Killed a two-headed ogre
 10376 | D:10     | Reached skill level 9 in Fighting
 10376 | D:10     | Reached XP level 11. HP: 74/97 MP: 16/18
 10540 | D:10     | Found a staircase to the Orcish Mines.
 10541 | D:10     | Noticed Sonja
 10550 | D:10     | Killed Sonja
 10550 | D:10     | Reached skill level 14 in Axes
 10550 | D:10     | Reached skill level 8 in Armour
 11120 | Lair:1   | Entered Level 1 of the Lair of Beasts
 11123 | Lair:1   | Found a dark tunnel.
 11306 | Lair:1   | Found a frozen archway.
 11315 | IceCv    | Entered an ice cave
 11325 | IceCv    | HP: 21/97 [death yak simulacrum (31)]
 11329 | IceCv    | Noticed Paps's ghost (journeyman DsFi)
 11555 | Lair:1   | Reached skill level 10 in Invocations
 11696 | Volcano  | Entered a volcano
 12402 | Lair:1   | HP: 16/99 [spiny frog (10)]
 12407 | Lair:1   | HP: 12/99 [spiny frog (5)]
 12408 | Lair:1   | Zin protects you from harm!
 12820 | Temple   | Entered the Ecumenical Temple
 12992 | Temple   | Fell from the grace of Zin
 12992 | Temple   | Became a worshipper of Elyvilon the Healer
 12992 | Temple   | Reached * piety under Elyvilon
 12992 | Temple   | Reached ** piety under Elyvilon
 12992 | Temple   | Reached *** piety under Elyvilon
 13319 | Lair:1   | Reached skill level 10 in Fighting
 13464 | Lair:1   | Reached skill level 15 in Axes
 13942 | Lair:2   | Reached skill level 9 in Armour
 14153 | Lair:2   | Reached **** piety under Elyvilon
 14162 | Lair:2   | Reached XP level 12. HP: 50/107 MP: 20/20
 14544 | Lair:2   | Reached skill level 11 in Invocations
 14740 | Lair:2   | Noticed a seven-headed hydra
 14743 | Lair:2   | Pacified an eight-headed hydra
 14882 | Lair:2   | Noticed a four-headed hydra
 14884 | Lair:2   | Pacified a four-headed hydra
 15537 | Lair:3   | Reached skill level 16 in Axes
 15576 | Lair:3   | Reached skill level 11 in Fighting
 15656 | Lair:3   | HP: 27/110 [hippogriff (1)]
 15661 | Lair:3   | HP: 14/110 [poisoned by a black mamba]
 15667 | Lair:3   | HP: 10/110 [poisoned by a black mamba]
 15673 | Lair:3   | HP: 8/110 [poisoned by a black mamba]
 15678 | Lair:3   | HP: 7/110 [poisoned by a black mamba]
 15685 | Lair:3   | HP: 7/110 [poisoned by a black mamba]
 15693 | Lair:3   | HP: 8/110 [poisoned by a black mamba]
 15956 | Lair:3   | Found a staircase to the Shoals.
 15980 | Lair:3   | Noticed a five-headed hydra
 15981 | Lair:3   | Noticed an eight-headed hydra
 15987 | Lair:3   | Pacified a five-headed hydra
 15991 | Lair:3   | Pacified an eight-headed hydra
 16891 | Lair:4   | Reached skill level 10 in Armour
 17027 | Lair:4   | Found a staircase to the Snake Pit.
 17388 | Lair:4   | Reached skill level 12 in Invocations
 17399 | Lair:4   | Reached skill level 17 in Axes
 17403 | Lair:4   | Reached ***** piety under Elyvilon
 17560 | Lair:4   | Identified a scroll of acquirement
 17733 | Lair:4   | Reached XP level 13. HP: 117/117 MP: 22/22
 18173 | Lair:5   | Reached skill level 12 in Fighting
 18175 | Lair:5   | HP: 25/118 [wolf (5)]
 18180 | Lair:5   | HP: 27/147 [poisoned by a spiny frog]
 18187 | Lair:5   | HP: 36/147 [black bear (5)]
 18189 | Lair:5   | HP: 17/147 [hippogriff (4)]
 18194 | Lair:5   | HP: 35/147 [poisoned by a spiny frog]
 18393 | Lair:5   | Found a staircase to the Slime Pits.
 18960 | Lair:6   | Entered Level 6 of the Lair of Beasts
 19015 | Lair:5   | Reached skill level 11 in Armour
 19020 | Lair:5   | Reached skill level 18 in Axes
 19265 | Lair:6   | Reached skill level 13 in Invocations
 20012 | Lair:6   | Reached XP level 14. HP: 79/127 MP: 23/23
 20525 | Lair:6   | Reached skill level 19 in Axes
 20560 | Lair:6   | Found a large runed door.
 20561 | Lair:6   | Found a large runed door.
 20658 | Lair:6   | Reached skill level 13 in Fighting
 20685 | Lair:6   | HP: 32/129 [fire crab (14)]
 21483 | D:11     | Got a twisted robe
 21826 | D:11     | Noticed Snorg
 21831 | D:11     | Pacified Snorg
 21834 | D:11     | Reached skill level 12 in Armour
 21902 | D:11     | Noticed Psyche
 21910 | D:11     | Killed Psyche
 22473 | D:12     | Reached skill level 14 in Invocations
 23188 | D:13     | HP: 31/129 [deep elf archer/uncursed short sword (7)]
 23235 | D:13     | HP: 25/129 [vault guard/enchanted great mace (20)]
 23673 | D:13     | Found a gate to the Vaults.
 23921 | D:13     | Reached skill level 20 in Axes
 24662 | D:13     | Reached ****** piety under Elyvilon
 24673 | D:13     | Found an ancient bone altar of Kikubaaqudgha.
 24764 | D:13     | Reached XP level 15. HP: 135/136 MP: 25/25
 25514 | D:14     | Reached skill level 3 in Dodging
 26196 | D:15     | Entered Level 15 of the Dungeon
 26233 | D:15     | Reached skill level 15 in Invocations
 26320 | D:15     | Reached skill level 14 in Fighting
 26320 | D:15     | Reached skill level 13 in Armour
 26340 | D:15     | Noticed Kirke
 26355 | D:15     | Pacified Kirke
 26355 | D:15     | Reached skill level 4 in Dodging
 26910 | D:15     | Found a staircase to the Depths.
 26910 | D:15     | Noticed a fire giant
 26913 | D:15     | Pacified a fire giant
 27350 | Orc:1    | Entered Level 1 of the Orcish Mines
 27488 | Orc:1    | Found a roughly hewn altar of Beogh.
 27723 | Orc:2    | Entered Level 2 of the Orcish Mines
 27755 | Orc:2    | Found a roughly hewn altar of Beogh.
 27845 | Orc:2    | Reached skill level 5 in Dodging
 28253 | Orc:2    | Noticed an orc warlord
 28274 | Orc:2    | Pacified an orc warlord
 28275 | Orc:2    | HP: 14/139 [orc warlord/halberd of chopping (46)]
 28275 | Orc:2    | HP: 4/139 [orc warlord/halberd of chopping (10)]
 28778 | Orc:2    | Found a staircase to the Elven Halls.
 28834 | Orc:2    | Noticed Blork the orc
 28899 | Orc:2    | Paralysed by an orc sorcerer for 7 turns
 28904 | Orc:2    | HP: 25/139 [orc warrior/battleaxe (31)]
 28905 | Orc:2    | HP: 7/139 [smoke demon/divine providence[an orc sorcerer] (13)]
 28905 | Orc:2    | Slain by an orc warrior

Vault maps used:
D:1:      minmay_arrival_five_plusses
D:2:      grunt_temple_overflow_diamond, minmay_vboxes
D:3:      serial_co_window_serial, co_window_paths_a,
          co_window_of_opportunity_a, co_window_corner_a, co_window_corner_a,
          co_window_paths_b, co_window_corner_a, co_window_corner_a,
          co_window_corner_b, co_window_corner_cb, co_window_2corner,
          co_window_cross_4, co_window_paths_c, co_window_of_opportunity_b,
          glass_columns_a, glass_columns_c, uniq_robin
D:4:      temple_fountains, okawaru_trees_2, uniq_ijyb
D:5:      first_bread
D:6:      lemuel_round_altar, serial_shops, shop, uniq_duvessa
D:7:      fedhas_altar_fruit_tree
D:8:      minmay_bloctagon_deflated, marbit_many_paths, lair_entry_dummy,
          kennysheep_cluttered_room, minivault_5, uniq_erica
D:9:      old_standard_altar, serial_shops, shop_fountains, shop, shop, shop,
          abandoned_shop
D:10:     orc_0_dummy, uniq_maurice, uniq_sonja
D:11:     serial_ice, serial_ice_i, serial_ice_h, serial_ice_c, serial_ice_a,
          serial_ice_g, serial_ice_e, serial_ice_n, david_nohive_1, uniq_psyche,
          uniq_snorg
D:13:     grunt_vaults_entry_fortified, basic_altar
D:14:     serial_park_central, minmay_unpleasant_kobolds
D:15:     grunt_enter_depths_giant_problem, uniq_kirke
Temple:   eino_temple_rhombus
Lair:1:   portal_ice_cave_entry_pillars_1, nicolae_volcano_entry_two_sided,
          beast_lair_carwin_9, lemuel_fruit_tree
Lair:2:   lemuel_fruit_fields, infiniplex_staircase_pool, grunt_megastairs_4
Lair:3:   minmay_shoals_entry_lonely_mermaid, serial_bayou_shore_b
Lair:4:   minmay_snake_entry_guardpost_small, beast_lair_carwin_5
Lair:5:   minmay_slime_entry_eyes
Lair:6:   cheibrodos_lair_end_hotspot, serial_bayou, serial_bayou_pond_d,
          serial_bayou_pond_e, serial_bayou_crossing, serial_bayou_ford_a
Orc:1:    mines2_david
Orc:2:    grunt_orc_cross, basic_altar
IceCv:    ice_cave_small_necro
Volcano:  volcano_lake

Skill      XL: |  1  2  3  4  5  6  7  8  9 10 11 12 13 14 15 |
---------------+----------------------------------------------+-----
Axes           | 5 6 7 8 9 10 12 13 15 17 18 20 | 20.2
Invocations    | 1 2 3 4 6 7 9 10 12 13 14 15 | 15.7
Armour         | 1 2 3 5 6 7 9 10 11 12 13 | 13.6
Fighting       | 4 5 6 7 9 10 11 12 13 14 | 14.7
Dodging        | 5 |  5.1
Stealth        | |  1.5

Action                   |  1- 3 |  4- 6 |  7- 9 | 10-12 | 13-15 || total
-------------------------+-------+-------+-------+-------+-------++-------
Melee: Hand axe          |   112 |    58 |       |       |       ||   170
       War axe           |       |   135 |   262 |   219 |       ||   616
       Battleaxe         |       |       |       |   370 |  1121 ||  1491
       Bardiche          |       |       |       |       |     8 ||     8
       Unarmed           |       |       |       |       |     5 ||     5
Invok: Recite            |       |     2 |    11 |    12 |       ||    25
       Donate Gold       |       |     1 |       |       |       ||     1
       Vitalisation      |       |       |     1 |     3 |       ||     4
       Sanctuary         |       |       |       |     1 |       ||     1
       Heal Other        |       |       |       |     4 |    25 ||    29
       Greater Healing   |       |       |       |       |     5 ||     5
       Divine Vigour     |       |       |       |       |     1 ||     1
Evoke: Wand              |       |       |       |     7 |       ||     7
  Use: Scroll            |       |     6 |     5 |    19 |    11 ||    41
       Potion            |       |       |       |       |     1 ||     1
 Stab: Sleeping          |     1 |       |     1 |     1 |       ||     3
       Confused          |       |       |     1 |     5 |     4 ||    10
       Paralysed         |       |       |     2 |     7 |       ||     9
       Invisible         |       |       |       |     3 |     1 ||     4
       Distracted        |       |       |       |       |     1 ||     1
  Eat: Chunk             |     2 |     6 |     9 |    26 |    47 ||    90
       Royal jelly       |       |     1 |     2 |     1 |     4 ||     8
       Fruit             |       |     1 |       |     4 |       ||     5
       Meat ration       |       |       |       |       |     1 ||     1
Armor: Robe              |     2 |       |       |       |       ||     2
       Ring mail         |    19 |    79 |    88 |    13 |       ||   199
       Plate armour      |       |       |       |   366 |   808 ||  1174
Dodge: Dodged            |    59 |   118 |   124 |   176 |   485 ||   962

Vault maps used:
D:1:      minmay_arrival_five_plusses
D:2:      grunt_temple_overflow_diamond, minmay_vboxes
D:3:      serial_co_window_serial, co_window_paths_a,
          co_window_of_opportunity_a, co_window_corner_a, co_window_corner_a,
          co_window_paths_b, co_window_corner_a, co_window_corner_a,
          co_window_corner_b, co_window_corner_cb, co_window_2corner,
          co_window_cross_4, co_window_paths_c, co_window_of_opportunity_b,
          glass_columns_a, glass_columns_c, uniq_robin
D:4:      temple_fountains, okawaru_trees_2, uniq_ijyb
D:5:      first_bread
D:6:      lemuel_round_altar, serial_shops, shop, uniq_duvessa
D:7:      fedhas_altar_fruit_tree
D:8:      minmay_bloctagon_deflated, marbit_many_paths, lair_entry_dummy,
          kennysheep_cluttered_room, minivault_5, uniq_erica
D:9:      old_standard_altar, serial_shops, shop_fountains, shop, shop, shop,
          abandoned_shop
D:10:     orc_0_dummy, uniq_maurice, uniq_sonja
D:11:     serial_ice, serial_ice_i, serial_ice_h, serial_ice_c, serial_ice_a,
          serial_ice_g, serial_ice_e, serial_ice_n, david_nohive_1, uniq_psyche,
          uniq_snorg
D:13:     grunt_vaults_entry_fortified, basic_altar
D:14:     serial_park_central, minmay_unpleasant_kobolds
D:15:     grunt_enter_depths_giant_problem, uniq_kirke
Temple:   eino_temple_rhombus
Lair:1:   portal_ice_cave_entry_pillars_1, nicolae_volcano_entry_two_sided,
          beast_lair_carwin_9, lemuel_fruit_tree
Lair:2:   lemuel_fruit_fields, infiniplex_staircase_pool, grunt_megastairs_4
Lair:3:   minmay_shoals_entry_lonely_mermaid, serial_bayou_shore_b
Lair:4:   minmay_snake_entry_guardpost_small, beast_lair_carwin_5
Lair:5:   minmay_slime_entry_eyes
Lair:6:   cheibrodos_lair_end_hotspot, serial_bayou, serial_bayou_pond_d,
          serial_bayou_pond_e, serial_bayou_crossing, serial_bayou_ford_a
Orc:1:    mines2_david
Orc:2:    grunt_orc_cross, basic_altar
IceCv:    ice_cave_small_necro
Volcano:  volcano_lake

Table legend:
 A = Turns spent in this place as a percentage of turns spent in the entire game.
 B = Non-inter-level travel turns spent in this place as a percentage of non-inter-level travel turns spent in the entire game.
 C = Inter-level travel turns spent in this place as a percentage of turns spent in this place.
 D = Turns resting spent in this place as a percentage of non-inter-level travel turns spent in this place.
 E = Turns spent auto-exploring this place as a percentage of non-inter-level travel turns spent in this place.
 F = Non-inter-level travel turns spent in this place divided by the number of levels of this place that you've seen.
                   A       B       C       D       E      F
               +-------+-------+-------+-------+-------+----------------------
         Total | 100.0 | 100.0 |   0.6 |   2.7 |   9.0 | 313.1
       Dungeon |  62.9 |  62.9 |   0.6 |   2.2 |   9.4 | 341.3
        Temple |   0.3 |   0.2 |   9.1 |   0.0 |  75.0 |  20.0
          Lair |  27.6 |  27.6 |   0.4 |   4.0 |   8.1 | 374.7
  Orcish Mines |   6.7 |   6.7 |   0.4 |   1.8 |   8.8 | 272.0
      Ice Cave |   0.4 |   0.4 |   0.0 |   0.0 |   0.0 |  30.0
       Volcano |   2.2 |   2.2 |   0.0 |   2.2 |   3.3 | 180.0
               +-------+-------+-------+-------+-------+----------------------

Table legend:
 A = Kills in this place as a percentage of kills in entire the game.
 B = Kills by you in this place as a percentage of kills by you in the entire game.
 C = Kills by friends in this place as a percentage of kills by friends in the entire game.
 D = Other kills in this place as a percentage of other kills in the entire game.
 E = Experience gained in this place as a percentage of experience gained in the entire game.
 F = Experience gained in this place divided by the number of levels of this place that you have seen.
                   A       B       C       D       E      F
               +-------+-------+-------+-------+-------+----------------------
         Total | 100.0 | 100.0 |  -nan | 100.0 | 100.0 | 4445.0
       Dungeon |  59.8 |  59.8 |  -nan |   0.0 |  52.2 | 4019.9
          Lair |  27.0 |  26.9 |  -nan | 100.0 |  39.7 | 7647.2
  Orcish Mines |  11.8 |  11.8 |  -nan |   0.0 |   7.5 | 4310.0
      Ice Cave |   0.5 |   0.5 |  -nan |   0.0 |   0.2 | 282.0
       Volcano |   0.9 |   0.9 |  -nan |   0.0 |   0.4 | 487.0
               +-------+-------+-------+-------+-------+----------------------
